 Dungeon Crawl Stone Soup version 0.20.0-4-g10b340a (webtiles) character file.

44 Gorglomux the Digger (level 3, -7/26 HPs)
             Began as a Draconian Earth Elementalist on May 27, 2017.
             Mangled by Sigmund
             ... wielding a +0 scythe
              (13 damage)
             ... on level 2 of the Dungeon.
             The game lasted 00:01:41 (1403 turns).

Gorglomux the Digger (Draconian Earth Elementalist) Turns: 1403, Time: 00:01:42

Health: -7/26      AC:  5    Str: 15    XL:     3   Next: 39%
Magic:  5/7        EV: 12    Int: 16    God:
Gold:   49         SH:  0    Dex: 11    Spells: 6/7 levels left

rFire    + . .     SeeInvis .   F - +0 spear
rCold    . . .     Gourm    .   (no shield)
rNeg     . . .     Faith    .   (armour unavailable)
rPois    .         Spirit   .   (helmet restricted)
rElec    .         Reflect  .   (no cloak)
rCorr    .         Harm     .   (no gloves)
MR       .....                  (no boots)
Stlth    ++........             (no amulet)
Regen    0.1/turn               f - ring of protection from fire
MPRegen  0.1/turn               (no ring)

@: mighty, about to teleport, flying
A: unfitting armour, cold-blooded, AC +5
a: no special abilities


You were on level 2 of the Dungeon.
You were not hungry.

You visited 1 branch of the dungeon, and saw 2 of its levels.

You collected 49 gold pieces.

Inventory:

Hand Weapons
 B - a +0 dagger
 F - a +0 spear (weapon)
Missiles
 b - 74 stones (quivered)
Jewellery
 f - a ring of protection from fire (left hand)
Scrolls
 G - a scroll of remove curse {unknown}
 I - 2 scrolls of recharging
 J - a scroll of amnesia {unknown}
 M - a scroll of magic mapping
 N - a scroll of blinking {unknown}
 R - a scroll of identify
Books
 d - a book of Geomancy

   Spells                             Type                      Level
   a - Sandblast                      Earth                        1
   b - Passwall                       Transmutation/Earth          2
   c - Stone Arrow                    Conjuration/Earth            3
   d - Petrify                        Transmutation/Earth          4
   e - Lee's Rapid Deconstruction     Earth                        5
Comestibles
 c - a bread ration
 z - 2 meat rations
 A - 2 royal jellies
 K - 3 chunks of flesh


   Skills:
 - Level 1.7 Dodging
 - Level 1.7 Stealth
 + Level 2.6 Spellcasting
   Level 1.0 Transmutations
 + Level 4.0 Earth Magic


You had 6 spell levels left.
You knew the following spells:

 Your Spells              Type           Power        Failure   Level  Hunger
a - Sandblast             Erth           ##....       3%          1    #......


Dungeon Overview and Level Annotations

Branches:
Dungeon (2/15)

Altars:

Annotations:
D:2 Sigmund


Innate Abilities, Weirdness & Mutations

Your plain brown scales are hard. (AC +5)
You cannot fit into any form of body armour.
You are cold-blooded and may be slowed by cold attacks.


Message History

Aiming: Sandblast
Press: ? - help, Shift-Dir - straight line, f - Sigmund
Aim: Sigmund, wielding a scythe and wearing a robe The blast of sand hits Sigmund.
Sigmund is moderately wounded.
b - 75 stones Sigmund screams, "I am the angel of ZOT!!!"
Sigmund hits you from afar with a scythe.
* * * LOW HITPOINT WARNING * * *
Casting: Sandblast
Confirm with . or Enter, or press ? or * to list all spells.
Aiming: Sandblast
Press: ? - help, Shift-Dir - straight line, f/p - Sigmund
Aim: Sigmund, wielding a scythe and wearing a robe (moderately wounded)
The blast of sand hits Sigmund.
Sigmund is moderately wounded.
b - 74 stones Sigmund hits you from afar with a scythe!
Ouch! That really hurt!
You die...

######## #......# #......#
#......# #......#
##########.
#......#####...@......
#........................
###......###..............
#......@.#..........#...
#...#....#....###### #..
#........@...## ##.#
#.............. ....
#.............# #
#.......#...... #
#.......#####.. .##
#.......# #. ....
#.....#.# ....


You could see Sigmund.

Vanquished Creatures
  An adder (D:2)
  3 dart slugs (D:1)
  5 bats
  2 giant cockroaches (D:1)
  3 goblins (D:1)
  2 hobgoblins (D:1)
  6 kobolds (D:1)
  A quokka (D:2)
  3 frilled lizards
  2 rats (D:1)
28 creatures vanquished.

Notes
Turn   | Place    | Note
-------+----------+-------------------------------------------
     0 | D:1      | Gorglomux the Draconian Earth Elementalist began the quest for the Orb.
     0 | D:1      | Reached XP level 1. HP: 14/14 MP: 3/3
   378 | D:1      | Reached XP level 2. HP: 20/20 MP: 3/5
  1143 | D:1      | Reached XP level 3. HP: 19/26 MP: 6/6
  1355 | D:2      | Reached skill level 4 in Earth Magic
  1389 | D:2      | Noticed Sigmund
  1403 | D:2      | Mangled by Sigmund

Skill      XL: |  1  2  3 |
---------------+----------+-----
Earth Magic    | 4 |  4.0
Dodging        | |  1.7
Stealth        | |  1.7
Spellcasting   | |  2.6
Transmutations | |  1.0

Action                   || total
-------------------------++-------
Melee: Dagger            ||    25
       Unarmed           ||     9
       Tailslap          ||     7
       Spear             ||    56
 Cast: Sandblast         ||    12
  Use: Scroll            ||     3
       Potion            ||     2
 Stab: Sleeping          ||     4
  Eat: Chunk             ||     2
Armor: Skin              ||    23
Dodge: Dodged            ||    44
